 Dungeon Crawl Stone Soup version 0.27-a0-1500-g450c7e4133 (webtiles) character file.

Game seed: 17751946828174326425

4339 dolemite99 the Spear-Bearer (level 10, -8/79 HPs)
             Began as a Merfolk Gladiator on July 8, 2021.
             Was a Follower of Uskayaw.
             Mangled by a troll (11 damage)
             ... on level 9 of the Dungeon.
             The game lasted 00:14:05 (9584 turns).

dolemite99 the Spear-Bearer (Merfolk Gladiator)     Turns: 9584, Time: 00:14:06

Health: -8/79      AC: 10    Str: 16    XL:     10   Next: 33%
Magic:  10/13      EV: 12    Int:  8    God:    Uskayaw [*.....]
Gold:   343        SH:  0    Dex: 17    Spells: 9/9 levels left

rFire    + . .     SeeInvis .   a - +0 trident (elec)
rCold    . . .     Faith    .   (no shield)
rNeg     . . .     Spirit   .   K - +0 scale mail
rPois    +         Reflect  .   g - +0 helmet
rElec    .         Harm     .   p - scarf {shadows}
rCorr    .         Rampage  .   (no gloves)
Will     .....                  H - +2 pair of boots
Stlth    +.........             (no amulet)
HPRegen  0.23/turn              y - ring of poison resistance
MPRegen  0.13/turn              e - ring of protection from fire

@: studying Short Blades
A: (nimble swimmer 2), mertail
a: Renounce Religion, Stomp


You were on level 9 of the Dungeon.
You worshipped Uskayaw.
Uskayaw was noncommittal.
You visited 1 branch of the dungeon, and saw 9 of its levels.

You collected 343 gold pieces.

Inventory:

Hand Weapons
 a - a +0 trident of electrocution (weapon)
 b - the +5 hunting sling of Amoinkau {vorpal, *Slow Fly rElec}
   (You found it on level 5 of the Dungeon)

   Any stone fired from it inflicts extra damage.
   rElec:     It insulates you from electricity.
   Fly:       It grants you flight.
   *Slow:     It may slow you when you take damage.
 j - a +0 hunting sling
 w - a +5 dagger of freezing
 J - the +7 quarterstaff of Sudden Death {vorpal, rCorr}
   (You found it on level 8 of the Dungeon)

   It inflicts extra damage upon your enemies.
   rCorr:     It protects you from acid and corrosion.
Missiles
 c - 31 bolts
 f - 164 arrows
 l - 48 poisoned darts (quivered)
 n - 196 stones
 o - 4 boomerangs of dispersal
 q - 61 sling bullets
 r - 4 silver boomerangs
 v - 4 curare-tipped darts
Armour
 g - a +0 helmet (worn)
 p - a scarf of shadows (worn)
 H - a +2 pair of boots (worn)
 K - a +0 scale mail (worn)
Jewellery
 e - a ring of protection from fire (right hand)
 y - a ring of poison resistance (left hand)
Wands
 m - a wand of iceblast (4)
 F - a wand of digging (5)
 G - a wand of mindburst (14)
Scrolls
 h - 3 scrolls of teleportation
 i - a scroll of vulnerability
 u - a scroll of fear
 x - 2 scrolls of identify {@r1}
 C - a scroll of fog
Potions
 d - a potion of cancellation {unknown}
 k - 3 potions of flight
 t - a potion of attraction {unknown}
 z - a potion of heal wounds {unknown}
 A - a potion of lignification {unknown}
 B - a potion of invisibility {unknown}
 D - a potion of might {unknown}
 E - a potion of degeneration {unknown}
 I - a potion of brilliance {unknown}


   Skills:
 - Level 7.4 Fighting
 - Level 14.7 Polearms
 - Level 1.9(2.8) Slings
 - Level 4.0(4.3) Throwing
 + Level 6.4 Dodging
 * Level 2.2 Stealth
 - Level 5.2 Invocations


You had 9 spell levels left.
You didn't know any spells.
Your spell library contained the following spells:

 Spells                   Type           Power      Damage    Failure   Level
 Animate Skeleton         Necr           0%         N/A       86%         1
 Apportation              Tloc           0%         N/A       86%         1
 Corona                   Hex            0%         N/A       86%         1
 Summon Small Mammal      Summ           0%         N/A       86%         1
 Passwall                 Tmut/Erth      0%         N/A       94%         2
 Static Discharge         Conj/Air       0%         N/A       94%         2
 Call Canine Familiar     Summ           0%         N/A       99%         3
 Frozen Ramparts          Ice            0%         1d2       99%         3
 Gell's Gravitas          Tloc           0%         N/A       99%         3
 Lesser Beckoning         Tloc           0%         N/A       99%         3
 Portal Projectile        Hex/Tloc       0%         N/A       99%         3
 Summon Guardian Golem    Hex/Summ       0%         N/A       99%         3
 Teleport Other           Tloc           0%         N/A       99%         3
 Dispel Undead            Necr           0%         3d6       100%        4
 Leda's Liquefaction      Hex/Erth       0%         N/A       100%        4
 Petrify                  Tmut/Erth      0%         N/A       100%        4
 Sticky Flame             Conj/Fire      0%         2d3       100%        4
 Borgnjor's Vile Clutch   Necr/Erth      0%         N/A       100%        5
 Summon Forest            Summ/Tloc      0%         N/A       100%        5
 Summon Mana Viper        Hex/Summ       0%         N/A       100%        5
 Shadow Creatures         Summ           N/A        N/A       100%        6


Dungeon Overview and Level Annotations

Branches:
Dungeon (9/15)             Temple (0/1) D:7
   Lair: D:8-11         Orc: D:9-12

Altars:
Ashenzari
Uskayaw

Shops:
D:2 !   D:9 ?

Annotations:
D:4 2 transporters


Innate Abilities, Weirdness & Mutations

((You are quick and stealthy near water. (Stealth+, EV+, Speed+++)))
Your lower body shifts to a powerful aquatic tail in water.


Message History

The troll is almost dead.
The troll bites you.
The troll claws you but does no damage. x2
You closely miss the troll.
The troll is almost dead.
You hit the troll.
The troll is almost dead.
The troll bites you! The troll claws you. The troll misses you.
You barely miss the troll.
The troll is almost dead.
You hit the troll but do no damage.
The troll is almost dead.
The troll bites you!
* * * LOW HITPOINT WARNING * * *
The troll claws you but does no damage. The troll claws you.
* * * LOW HITPOINT WARNING * * *
You hit the troll but do no damage.
The troll is almost dead.
The troll closely misses you. The troll claws you.
* * * LOW HITPOINT WARNING * * *
The troll claws you but does no damage.
You completely miss the troll.
The troll is almost dead.
Okay, then.
You feel better. The troll bites you!
* * * LOW HITPOINT WARNING * * *
The troll claws you but does no damage. x2
Aiming: Mindburst
Press: ? - help, Shift-Dir - straight line, f - troll
Aim: a troll (almost dead, chance to affect: 65%)
The troll struggles to resist.
The troll bites you but does no damage. The troll closely misses you.
The troll claws you but does no damage.
Okay, then.
Unknown command.
You stomp with the beat, sending a shockwave through the revellers around you!
The troll is almost dead.
You can no longer pass through a line of other dancers.
The troll bites you.
* * * LOW HITPOINT WARNING * * *
The troll misses you. The troll claws you!
You die...

#∩ #. #8 ####
#.#####.# ...
#.<.....# ..
##.###### #.
#.#
#..##(######.#
#......T@...#
......########
######


You could see a troll.

Vanquished Creatures
  Pikel (D:4)
  Joseph (D:8)
  A gargoyle (D:8)
  An efreet (D:8)
  A troll (D:9)
  Grinder (D:4)
  A hornet (D:8)
  A yak (D:8)
  A water moccasin (D:4)
  A black bear (D:6)
  A hornet zombie (D:8)
  A sky beast (D:6)
  An orc warrior (D:7)
  2 ogres
  A centaur (D:8)
  2 phantoms
  2 bullfrogs (D:8)
  3 scorpions
  A water moccasin skeleton (D:6)
  5 howler monkeys (D:8)
  4 wights (D:5)
  A centaur zombie (D:7)
  A hound (D:6)
  A bullfrog skeleton (D:5)
  A gnoll shaman (D:4)
  3 orc priests
  4 jellies
  Ijyb (D:4)
  3 iguanas
  Natasha (thrice) (D:4)
  Robin (D:3)
  3 adders
  5 gnolls
  2 howler monkey skeletons
  A howler monkey zombie (D:7)
  3 ufetubi
  4 dart slugs
  13 orcs
  4 ball pythons
  3 endoplasms
  4 giant cockroaches
  19 goblins
  8 hobgoblins
  17 jackals
  5 quokkas
  2 bats (D:3)
  3 frilled lizards (D:2)
  4 kobolds
  4 rats
156 creatures vanquished.

Notes
Turn   | Place    | Note
-------+----------+-------------------------------------------
     0 | D:1      | dolemite99 the Merfolk Gladiator began the quest for the
                  | Orb.
     0 | D:1      | Reached XP level 1. HP: 16/16 MP: 1/1
   204 | D:1      | Found a faded altar of an unknown god.
   216 | D:1      | Became a worshipper of Uskayaw the Reveller
   216 | D:1      | Reached * piety under Uskayaw
   313 | D:1      | Reached skill level 5 in Polearms
   313 | D:1      | Reached XP level 2. HP: 22/22 MP: 2/2
   390 | D:1      | Reached ** piety under Uskayaw
   502 | D:1      | Reached *** piety under Uskayaw
   767 | D:1      | Reached skill level 6 in Polearms
   767 | D:1      | Reached XP level 3. HP: 27/27 MP: 3/3
  1478 | D:2      | Reached skill level 7 in Polearms
  1478 | D:2      | Reached XP level 4. HP: 26/33 MP: 4/4
  1806 | D:4      | Found a transporter.
  2056 | D:2      | Found Haorphip's Distillery.
  2197 | D:3      | Reached skill level 8 in Polearms
  2197 | D:3      | Reached XP level 5. HP: 28/38 MP: 5/5
  2368 | D:3      | Noticed Robin
  2390 | D:3      | Killed Robin
  2939 | D:4      | Noticed a kobold demonologist
  3046 | D:4      | Noticed an ogre
  3065 | D:4      | Killed an ogre
  3066 | D:4      | Reached XP level 6. HP: 21/44 MP: 6/6
  3605 | D:4      | Found a transporter.
  3774 | D:4      | Noticed Pikel
  3780 | D:4      | Killed Pikel
  3781 | D:4      | Reached XP level 7. HP: 59/59 MP: 7/7
  3920 | D:4      | Reached XP level 8. HP: 52/67 MP: 8/8
  4034 | D:4      | Noticed Ijyb
  4044 | D:4      | Killed Ijyb
  4048 | D:4      | Noticed Grinder
  4057 | D:4      | Paralysed by Grinder for 2 turns
  4064 | D:4      | Paralysed by Grinder for 6 turns
  4240 | D:4      | Noticed Natasha
  4252 | D:4      | Killed Natasha
  4306 | D:4      | Noticed Natasha
  4323 | D:4      | Killed Natasha
  4375 | D:4      | Noticed Natasha
  4388 | D:4      | Killed Natasha
  4396 | D:4      | Reached skill level 1 in Invocations
  4436 | D:4      | Paralysed by Grinder for 2 turns
  4441 | D:4      | Killed Grinder
  4685 | D:5      | Entered Level 5 of the Dungeon
  4703 | D:5      | Identified the +5 hunting sling of Amoinkau {vorpal, *Slow
                  | Fly rElec}
  4715 | D:5      | Reached skill level 1 in Stealth
  5103 | D:5      | Reached skill level 9 in Polearms
  5218 | D:5      | Reached skill level 10 in Polearms
  5269 | D:5      | Found a broken altar of Ashenzari.
  5442 | D:6      | Reached XP level 9. HP: 64/72 MP: 11/11
  5563 | D:6      | Reached skill level 11 in Polearms
  6081 | D:6      | Noticed a kobold demonologist
  6266 | D:6      | Reached skill level 12 in Polearms
  6504 | D:7      | Found a staircase to the Ecumenical Temple.
  7261 | D:7      | Reached skill level 13 in Polearms
  7528 | D:8      | Noticed Joseph
  7538 | D:8      | Killed Joseph
  7539 | D:8      | Reached skill level 14 in Polearms
  7701 | D:8      | Noticed a hornet
  7709 | D:8      | Killed a hornet
  7865 | D:8      | Noticed a gargoyle
  7882 | D:8      | Killed a gargoyle
  7883 | D:8      | Reached skill level 1 in Slings
  7883 | D:8      | Reached skill level 5 in Dodging
  7883 | D:8      | Reached XP level 10. HP: 27/79 MP: 11/13
  8422 | D:8      | Got Wolung's Tome of Congealing Stones
  8513 | D:8      | Reached skill level 5 in Invocations
  9061 | D:8      | Identified the +7 quarterstaff of Sudden Death {vorpal,
                  | rCorr}
  9389 | D:9      | Found Wuatihej's Magic Scroll Shoppe.
  9584 | D:9      | HP: 3/79 [troll (4)]
  9584 | D:9      | Mangled by a troll

Illustrated notes

Levels and vault maps discovered:
D:1:      amcnicky_arrival_abandoned_market, layout_loops_ring,
          shapermc_ecumenical_altar_venn, minmay_misc_feat_more_columns
D:2:      layout_basic, serial_shops, shop_fountains
D:3:      layout_basic, nrook_loot_triangle, uniq_robin, uniq_crazy_yiuf_cottage
D:4:      gammafunk_wand_slinger, layout_cave_pools, uniq_ijyb, uniq_natasha,
          uniq_pikel, uniq_grinder
D:5:      cheibrodos_quashed, layout_basic, nicolae_overflow_crystal_walls,
          hangedman_decor_slide_cut
D:6:      layout_cave_pools, serial_rivers, chequers_serial_rivers_room_b,
          chequers_serial_rivers_large_a, chequers_serial_rivers_micro_d,
          chequers_serial_rivers_micro_d, chequers_serial_rivers_micro_c,
          minivault_24, minivault_27, lightli_corner_chamber
D:7:      layout_gridville, temple_statues, solitary_fountain
D:8:      layout_basic, minmay_manual_moon, uniq_joseph
D:9:      gammafunk_beogh_shrine, layout_loops_cross, serial_shops, shop_statue

Skill      XL: |  1  2  3  4  5  6  7  8  9 10 |
---------------+-------------------------------+-----
Polearms       | 5 6 7 8 10 14 | 14.7
Throwing       | 3 4 |  4.0
Fighting       | 6 7 |  7.4
Invocations    | 3 4 5 |  5.2
Stealth        | 1 2 |  2.2
Slings         | 1 |  1.9
Dodging        | 5 6 |  6.4

Action                   |  1- 3 |  4- 6 |  7- 9 | 10-12 || total
-------------------------+-------+-------+-------+-------++-------
Melee: Trident           |   114 |   161 |   174 |    33 ||   482
 Fire: Hunting sling     |       |     4 |    33 |    31 ||    68
Throw: Throwing net      |       |     3 |     1 |       ||     4
       Dart              |       |    24 |    68 |       ||    92
Invok: Stomp             |     1 |       |     5 |     1 ||     7
Evoke: Wand              |       |     2 |     8 |     4 ||    14
  Use: Scroll            |       |     4 |     5 |       ||     9
       Potion            |       |       |     2 |     1 ||     3
 Stab: Paralysed         |     1 |       |     2 |       ||     3
       Held in net/web   |       |     1 |       |       ||     1
Armor: Leather armour    |    10 |       |       |       ||    10
       Ring mail         |    18 |    50 |       |       ||    68
       Chain mail        |       |    13 |    20 |       ||    33
       Scale mail        |       |       |    27 |    17 ||    44
Dodge: Dodged            |    61 |    98 |    79 |    22 ||   260

Table legend: (Time is in decaauts)
 A = Elapsed time spent in this place.
 B = Non-inter-level travel time spent in this place.
 C = Inter-level travel time spent in this place.
 D = Time resting spent in this place.
 E = Time spent auto-exploring this place.
 F = Levels seen in this place.
 G = Mean time per level.
                   A        B        C        D        E       F      G
               +--------+--------+--------+--------+--------+-----+--------+
         Total |   9481 |   8896 |    585 |   2123 |   4879 |   9 | 1053.4 |
       Dungeon |   9481 |   8896 |    585 |   2123 |   4879 |   9 | 1053.4 |
               +--------+--------+--------+--------+--------+-----+--------+

Top non-repeatable levels by time:
     D:8: 1822 daAuts
     D:3: 1751 daAuts
     D:4: 1200 daAuts
     D:7: 1036 daAuts
     D:6: 962 daAuts
     D:1: 939 daAuts
     D:5: 815 daAuts
     D:2: 765 daAuts
     D:9: 186 daAuts
